 Dungeon Crawl Stone Soup version 0.29.1-1-gd02db6906a (webtiles) character file.

Game seed: 2277709043101090249

179 Kahsius the Trooper (level 5, -5/51 HPs)
             Began as a Hill Orc Monk on Sept 21, 2022.
             Slain by an iguana (12 damage)
             ... on level 4 of the Dungeon.
             The game lasted 00:05:34 (3491 turns).

Kahsius the Trooper (Hill Orc Monk)                 Turns: 3491, Time: 00:05:35

Health: -5/51      AC:  5    Str: 15 (16) XL:     5   Next: 59%
Magic:  5/5        EV: 11    Int:  8 (10) God:
Gold:   127        SH:  0    Dex: 10 (13) Spells: 3/4 levels left

rFire   . . .      SeeInvis .   a - +0 hand axe
rCold   . . .      Faith    .   (no shield)
rNeg    . . .      Spirit   .   o - +0 ring mail
rPois   .          Reflect  .   (no helmet)
rElec   .          Harm     .   (no cloak)
rCorr   .          Rampage  .   (no gloves)
Will    .....                   (no boots)
Stlth   +.........              (no amulet)
HPRegen 0.17/turn               p - ring of flight
MPRegen 0.09/turn               (no ring)

@: flying
A: no striking features
a: no special abilities


You were on level 4 of the Dungeon.
You visited 1 branch of the dungeon, and saw 4 of its levels.

You collected 127 gold pieces.

Inventory:

Hand Weapons
 a - a +0 hand axe (weapon)
Missiles
 s - 2 throwing nets (quivered)
Armour
 b - a +0 robe
 g - a +0 leather armour
 o - a +0 ring mail (worn)
Jewellery
 p - a ring of flight (left hand)
Wands
 w - a wand of charming (5)
Scrolls
 c - a scroll of magic mapping {unknown}
 d - 2 scrolls of identify {unknown}
 h - a scroll of enchant armour {unknown}
 k - 4 scrolls of teleportation {unknown}
 q - a scroll of enchant weapon {unknown}
 r - a scroll of noise {unknown}
 u - 2 scrolls of fog {unknown}
 x - a scroll of torment {unknown}
Potions
 e - a potion of berserk rage {unknown}
 f - a potion of invisibility {unknown}
 i - a potion of degeneration
 j - a potion of heal wounds {unknown}
 l - a potion of flight {unknown}
 m - 2 potions of might {unknown}
 n - 2 potions of curing
 t - a potion of attraction {unknown}
 v - a potion of mutation {unknown}


   Skills:
 * Level 6.3 Fighting
 + Level 5.6 Axes
 - Level 2.4 Dodging
 - Level 1.5 Stealth
 + Level 0.1 Hexes


You had 3 spell levels left.
You knew the following spells:

 Your Spells              Type           Power      Damage    Failure   Level
a - Slow                  Hex            0%         N/A       63%         1

Your spell library contained the following spells:

 Spells                   Type           Power      Damage    Failure   Level
 Sting                    Tmut/Pois      0%         1d3       65%         1
 Ensorcelled Hibernation  Hex/Ice        0%         N/A       78%         2
 Poisonous Vapours        Pois/Air       0%         N/A       78%         2
 Confusing Touch          Hex            0%         N/A       94%         3
 Spider Form              Tmut/Pois      0%         N/A       95%         3
 Vampiric Draining        Necr           0%         2d6       95%         3
 Anguish                  Hex/Necr       0%         N/A       100%        4
 Olgreb's Toxic Radiance  Pois           0%         N/A       100%        4


Dungeon Overview and Level Annotations

Branches:
Dungeon (4/15)
 Temple: D:4-7

Altars:


Message History

You hit the adder. The adder bites you but does no damage.
The iguana bites you!
You closely miss the iguana.
The iguana is lightly wounded.
You hit the adder.
You kill the adder!
The iguana closely misses you.
You hit the iguana.
The iguana is moderately wounded.
The iguana bites you!
* * * LOW HITPOINT WARNING * * *
You hit the iguana but do no damage.
The iguana is moderately wounded.
The iguana bites you but does no damage.
You hit the iguana.
The iguana is heavily wounded.
The iguana bites you!
* * * LOW HITPOINT WARNING * * *
It was a potion of degeneration.
There was something very wrong with that liquid.
You feel weakened.
You feel dopey.
You feel clumsy. The iguana closely misses you.
The iguana attacks as you move away! The iguana barely misses you.
The iguana attacks as you move away! The iguana misses you.
You reach down and open the door.
The iguana misses you.
It was a potion of curing.
You feel better. The iguana bites you.
You hit the iguana but do no damage.
The iguana is heavily wounded.
The iguana completely misses you.
You hit the iguana.
The iguana is almost dead.
The iguana bites you!
* * * LOW HITPOINT WARNING * * *
You hit the iguana but do no damage.
The iguana is almost dead.
The iguana barely misses you.
You hit the iguana but do no damage.
The iguana is almost dead.
The iguana bites you!
You die...

######## #......#
#......### #..#
#...##### #####..+
#........
#......###.†......
#.<..'@l..)...(...
#....#.....#......
#....#.###.# #####
#....+.. ..#
#...<#.# ###
######.# ... ...


You could see an iguana.

Vanquished Creatures
  4 gnolls (D:3)
  6 adders
  2 worms
  2 dart slugs (D:2)
  4 orcs (D:3)
  10 ball pythons
  6 endoplasms
  3 giant cockroaches
  3 goblins
  7 hobgoblins
  6 jackals
  A quokka (D:2)
  8 bats
  2 frilled lizards
  5 kobolds
  4 rats (D:2)
73 creatures vanquished.

Notes
Turn   | Place    | Note
-------+----------+-------------------------------------------
     0 | D:1      | Kahsius the Hill Orc Monk began the quest for the Orb.
     0 | D:1      | Reached XP level 1. HP: 19/19 MP: 1/1
   177 | D:1      | Reached skill level 4 in Fighting
   182 | D:1      | HP: 1/20 [frozen (2)]
   184 | D:1      | Reached XP level 2. HP: 2/27 MP: 2/2
   195 | D:1      | HP: 1/27 [hobgoblin (2)]
   641 | D:1      | Reached XP level 3. HP: 32/34 MP: 3/3
   724 | D:1      | Found a faded altar of an unknown god.
  1455 | D:2      | Reached skill level 5 in Fighting
  1536 | D:2      | Reached XP level 4. HP: 34/42 MP: 4/4
  1878 | D:2      | Reached skill level 5 in Axes
  2084 | D:3      | Reached XP level 5. HP: 30/50 MP: 5/5
  2263 | D:3      | Reached skill level 6 in Fighting
  3461 | D:3      | Learned a level 1 spell: Slow
  3491 | D:4      | Slain by an iguana

Illustrated notes

Levels and vault maps discovered:
D:1:      psy_arrival_fountain, layout_basic, ebering_ecumenical_altar_box,
          minmay_misc_feat_square, grunt_decor_junction, minmay_tromino_v7
D:2:      layout_basic, dk_noncrumbling_2
D:3:      layout_basic, palyth_stone_intersect
D:4:      layout_basic, kennysheep_mini_moat, nrook_mini_backslash, uniq_edmund

Skill      XL: |  1  2  3  4  5 |
---------------+----------------+-----
Fighting       | 4 5 6 |  6.3
Axes           | 5 |  5.6
Dodging        | |  2.4
Stealth        | |  1.5
Hexes          | |  0.1

Action                   |  1- 3 |  4- 6 || total
-------------------------+-------+-------++-------
Melee: Hand axe          |   132 |   175 ||   307
       Punch             |     3 |       ||     3
  Use: Potion            |     1 |     3 ||     4
 Stab: Sleeping          |     3 |     1 ||     4
Armor: Robe              |     3 |       ||     3
       Leather armour    |     8 |       ||     8
       Ring mail         |    31 |    55 ||    86
Dodge: Dodged            |    81 |   111 ||   192
